 Dungeon Crawl Stone Soup version 0.28-a0-1356-g2ad6d04315 (webtiles) character file.

Game seed: 10803508862565225268

261 Turgor the Skirmisher (level 5, 0/40 (42) HPs)
             Began as a Demonspawn Abyssal Knight on Dec 30, 2021.
             Was a Believer of Lugonu.
             Slain by a wight (3 damage)
             ... on level 4 of the Dungeon.
             The game lasted 00:18:09 (3804 turns).

Turgor the Skirmisher (Demonspawn Abyssal Knight)   Turns: 3804, Time: 00:18:10

HP:   0/40 (42)     AC: 13    Str: 15    XL:     5   Next: 96%
MP:   6/6           EV:  6    Int: 11    God:    Lugonu [**....]
Gold: 108           SH:  0    Dex: 14    Spells: 3/4 levels left

rFire   . . .      SeeInvis .     - Unarmed
rCold   . . .      Faith    .   (no shield)
rNeg    . . .      Spirit   .   w - +3 chain mail
rPois   .          Reflect  .   (no helmet)
rElec   .          Harm     .   (no cloak)
rCorr   .          Rampage  .   (no gloves)
Will    .....                   (no boots)
Stlth   ..........              (no amulet)
HPRegen 0.13/turn               (no ring)
MPRegen 0.20/turn               (no ring)

@: lightly drained
A: slimy green scales 1, magic regeneration, demonic touch 1
a: Renounce Religion, Depart the Abyss, Bend Space


You were on level 4 of the Dungeon.
You worshipped Lugonu.
Lugonu was pleased with you.
You visited 1 branch of the dungeon, and saw 4 of its levels.
You visited the Abyss 1 time.

You collected 108 gold pieces.

Inventory:

Hand Weapons
 a - a +1 hand axe
 n - a +0 hunting sling
Missiles
 d - 131 stones (quivered)
 e - 3 poisoned darts
 i - 21 sling bullets
 l - 6 javelins
Armour
 b - a +0 leather armour
 w - a +3 chain mail (worn)
Jewellery
 x - a ring of ice
Wands
 h - a wand of paralysis (4)
Scrolls
 f - 2 scrolls of teleportation {unknown}
 j - a scroll of blinking {unknown}
 m - a scroll of enchant weapon {unknown}
 r - a scroll of amnesia {unknown}
 s - a scroll of fear {unknown}
 u - a scroll of fog {unknown}
 v - a scroll of holy word {unknown}
Potions
 c - a potion of resistance
 g - a potion of brilliance
 k - a potion of might
 o - a potion of attraction
 p - a potion of curing {unknown}
 q - a potion of heal wounds {unknown}
 t - a potion of magic {unknown}


   Skills:
 + Level 4.2 Fighting
 * Level 3.3 Axes
 + Level 2.2 Armour
 - Level 0.8 Dodging
 * Level 3.2 Unarmed Combat
 - Level 2.4 Invocations


You had 3 spell levels left.
You knew the following spells:

 Your Spells              Type           Power      Damage    Failure   Level
a - Apportation           Tloc           0%         N/A       100%        1

Your spell library contained the following spells:

 Spells                   Type           Power      Damage    Failure   Level
 Animate Skeleton         Necr           0%         N/A       100%        1
 Freeze                   Ice            0%         1d3       100%        1
 Sting                    Tmut/Pois      0%         1d3       100%        1
 Summon Small Mammal      Summ           0%         N/A       100%        1
 Poisonous Vapours        Pois/Air       0%         N/A       100%        2
 Frozen Ramparts          Ice            0%         1d2       100%        3
 Hailstorm                Conj/Ice       0%         3d3       100%        4
 Olgreb's Toxic Radiance  Pois           0%         N/A       100%        4


Dungeon Overview and Level Annotations

Branches:
Dungeon (4/15)
 Temple: D:4-7

Altars:
Zin


Innate Abilities, Weirdness & Mutations

You are partially covered in slimy green scales. (AC +2)
You regenerate magic rapidly.
Your touch may inflict minor irresistible damage on your foes.


Message History

The helpless wight fails to defend itself.
You hit the wight but do no damage.
You touch the wight.
You destroy the wight!
Lugonu accepts your kill.
Things that are here:
a +0 spear; a +0 robe
Things that are here:
a +4 spear; a +0 robe A wight comes into view.
It is wielding a +2 falchion of freezing.
The wight hits you but does no damage.
You see here 13 gold pieces.
You hit the wight but do no damage. The wight barely misses you.
You closely miss the wight. Your touch misses the wight.
The wight hits you with a +2 falchion of freezing.
The wight freezes you.
You hit the wight.
The wight is lightly damaged.
The wight closely misses you.
You hit the wight but do no damage.
The wight is lightly damaged.
An orc comes into view. It is wielding a +2 whip of freezing.
The wight hits you with a +2 falchion of freezing.
The wight freezes you.
The orc shouts!
You hit the wight.
The wight is moderately damaged.
The wight hits you with a +2 falchion of freezing!
The wight freezes you.
You barely miss the wight.
The wight is moderately damaged.
The wight hits you with a +2 falchion of freezing!
You feel drained. The wight freezes you.
You completely miss the wight.
The wight is moderately damaged.
The wight hits you with a +2 falchion of freezing!
* * * LOW HITPOINT WARNING * * *
You feel drained.
* * * LOW HITPOINT WARNING * * *
The wight freezes you.
You die...

......z....##.#
#............#.###.#
#........#.###.###.#
#........#.........#
#
#......o.#..##.#####
#.##........#.....#
#...........###.#.#
.......z....# #.#.#
.......@# ###.#.#
....##..#####..รท..#
. +....))...##..#
############..#
#..........>#
#.################
#)#.........##<..#
#.####.####.##.###
#.#...............


You could see a wight and an orc.

Vanquished Creatures
  3 wights (D:4)
  7 adders
  A dart slug (D:1)
  3 orcs (D:4)
  5 bats
  9 endoplasms
  5 giant cockroaches
  4 goblins
  8 hobgoblins
  A jackal (D:2)
  5 kobolds
  9 ball pythons
  2 frilled lizards (D:2)
  8 rats
70 creatures vanquished.

Notes
Turn   | Place    | Note
-------+----------+-------------------------------------------
     0 | Abyss:1  | Turgor the Demonspawn Abyssal Knight began the quest for
                  | the Orb.
     0 | Abyss:1  | Reached XP level 1. HP: 18/18 MP: 2/2
    59 | Abyss:1  | Noticed a large abomination
    61 | Abyss:1  | Noticed an ancient zyme
    62 | D:1      | Escaped the Abyss
   305 | D:1      | Gained mutation: Your touch may inflict minor irresistible
                  | damage on your foes. [demonic ancestry]
   305 | D:1      | Reached XP level 2. HP: 23/24 MP: 3/3
   307 | D:1      | Reached * piety under Lugonu
   673 | D:1      | Reached skill level 1 in Unarmed Combat
   749 | D:1      | Gained mutation: You regenerate magic rapidly. [demonic
                  | ancestry]
   749 | D:1      | Reached XP level 3. HP: 16/29 MP: 4/4
  1105 | D:1      | Found a faded altar of an unknown god.
  1411 | D:2      | Reached ** piety under Lugonu
  1412 | D:2      | Gained mutation: You are partially covered in slimy green
                  | scales. (AC +2) [demonic ancestry]
  1412 | D:2      | Reached XP level 4. HP: 14/37 MP: 5/5
  2884 | D:3      | Learned a level 1 spell: Apportation
  3665 | D:4      | Reached skill level 4 in Fighting
  3665 | D:4      | Reached XP level 5. HP: 42/42 MP: 6/6
  3804 | D:4      | Slain by a wight

Illustrated notes

Levels and vault maps discovered:
D:1:      matt_arrival_los_fun, layout_basic,
          dreamdust_ecumenical_altar_hidden_monk_grotto
D:2:      layout_loops_ring, serial_forest, infiniplex_forest_end_1,
          infiniplex_forest_lined_3, infiniplex_forest_clump_double,
          infiniplex_forest_clump_tiny, infiniplex_forest_straight_5,
          minmay_mini_jars
D:3:      layout_basic, mainiacjoe_overflow_alcove_2, kennysheep_generic_room_15
D:4:      layout_basic, serial_shops, shop, uniq_menkaure

Skill      XL: |  1  2  3  4  5 |
---------------+----------------+-----
Axes           | 2 3 |  3.3
Unarmed Combat | 1 2 3 |  3.2
Fighting       | 4 |  4.2
Armour         | 2 |  2.2
Dodging        | |  0.8
Invocations    | |  2.4

Action                   |  1- 3 |  4- 6 || total
-------------------------+-------+-------++-------
Melee: Hand axe          |    80 |    65 ||   145
       Touch             |    13 |    19 ||    32
       Unarmed           |       |    78 ||    78
       Punch             |       |     2 ||     2
Throw: Stone             |     3 |       ||     3
Invok: Depart the Abyss  |     1 |       ||     1
Evoke: Wand              |       |     8 ||     8
  Use: Scroll            |       |     4 ||     4
 Stab: Paralysed         |       |    21 ||    21
Armor: Leather armour    |    18 |    27 ||    45
       Chain mail        |       |    17 ||    17
Dodge: Dodged            |    54 |    57 ||   111

Table legend: (Time is in decaauts)
 A = Elapsed time spent in this place.
 B = Non-inter-level travel time spent in this place.
 C = Inter-level travel time spent in this place.
 D = Time resting spent in this place.
 E = Time spent auto-exploring this place.
 F = Levels seen in this place.
 G = Mean time per level.
                   A        B        C        D        E       F      G
               +--------+--------+--------+--------+--------+-----+--------+
         Total |   3823 |   3768 |     55 |    472 |   2532 |   5 |  764.6 |
       Dungeon |   3761 |   3706 |     55 |    472 |   2532 |   4 |  940.2 |
         Abyss |     62 |     62 |      0 |      0 |      0 |   1 |   62.0 |
               +--------+--------+--------+--------+--------+-----+--------+

Top non-repeatable levels by time:
     D:1: 1132 daAuts
     D:2: 1118 daAuts
     D:3: 871 daAuts
     D:4: 638 daAuts
 Abyss:1: 62 daAuts
